 Dungeon Crawl Stone Soup version 0.24-a0-183-g8902462 (webtiles) character file.

Game seed: 17161060694711397122

140 Inarius the Sneak (level 5, 0/39 HPs)
             Began as a Demonspawn Assassin on Mar 15, 2019.
             Killed from afar by an orc wizard (12 damage)
             ... with a puff of flame
             ... on level 3 of the Dungeon.
             The game lasted 00:06:59 (4887 turns).

Inarius the Sneak (Demonspawn Assassin)             Turns: 4887, Time: 00:07:00

Health: 0/39       AC:  4    Str: 17    XL:     5   Next: 2%
Magic:  5/5        EV: 12    Int: 12    God:
Gold:   138        SH:  0    Dex: 15    Spells: 4/4 levels left

rFire    . . .     SeeInvis .     - Unarmed
rCold    . . .     Gourm    .   (no shield)
rNeg     . . .     Faith    .   c - +0 robe
rPois    .         Spirit   .   r - +0 helmet
rElec    .         Reflect  .   d - +0 cloak
rCorr    .         Harm     .   (no gloves)
MR       .....                  (no boots)
Stlth    +++.......             (no amulet)
HPRegen  0.13/turn              (no ring)
MPRegen  0.09/turn              (no ring)

@: mighty
A: claws 2
a: no special abilities


You were on level 3 of the Dungeon.
You were not hungry.

You visited 1 branch of the dungeon, and saw 3 of its levels.

You collected 138 gold pieces.

Inventory:

Hand Weapons
 b - a +0 blowgun
Missiles
 e - 14 poisoned needles
 f - 2 curare-tipped needles
 h - 2 throwing nets (quivered)
Armour
 c - a +0 robe (worn)
 d - a +0 cloak (worn)
 r - a +0 helmet (worn)
Scrolls
 j - a scroll of blinking
 k - 3 scrolls of magic mapping {unknown}
 p - a scroll of teleportation
Potions
 a - a potion of flight
 i - a potion of haste
 l - a potion of agility
 m - a potion of might
 o - a potion of cancellation
Comestibles
 g - 3 rations


   Skills:
 + Level 2.3 Fighting
   Level 1.7 Short Blades
 + Level 2.0 Throwing
 + Level 1.4 Dodging
 + Level 4.5 Stealth
 * Level 2.9 Unarmed Combat


You had 4 spell levels left.
You didn't know any spells.
Your spell library was empty.

Dungeon Overview and Level Annotations

Branches:
Dungeon (3/15)

Altars:


Innate Abilities, Weirdness & Mutations

You have very sharp fingernails.


Message History

You scratch something. Something hits you but does no damage.
A kobold comes into view. It is wielding a +0 short sword.
The jackal completely misses you.
You closely miss something. The jackal bites you.
Something hits you but does no damage.
You barely miss something. The jackal closely misses you. Something hits you.
The jackal closely misses you.
You scratch something. Something hits you.
The jackal bites you but does no damage.
You barely miss something. The jackal bites you. Something hits you.
You feel very mighty all of a sudden. Something hits you but does no damage.
The jackal bites you but does no damage.
You barely miss something. Something completely misses you.
The jackal closely misses you.
You claw something!
You hear some strange, mumbled words.
A puff of flame appears from out of thin air!
The puff of flame hits you!
You die...

#####.#### ##...##
#........# ##.....##
#.###.##.### ##.......#
#.#....###.........
.......#h..'.........
#####....###.......(.
##..## ##.......#
#.######oK# ##.....##
#....{@hhh# ##...##
..########.########'###
#........##.....#
#.##.###.##.#.#.##
#.##.###.##.#.....
#.##........รท.....
#.######.##..##### #.#
#.##..# #.######.#####


You could see an orc, 3 jackals and a kobold.

Vanquished Creatures
  3 adders (D:2)
  3 gnolls
  3 worms
  7 leopard geckos
  A ball python (D:3)
  6 bats
  4 giant cockroaches
  8 goblins
  12 hobgoblins
  4 jackals
  4 frilled lizards
  5 kobolds
  8 rats
68 creatures vanquished.

Notes
Turn   | Place    | Note
-------+----------+-------------------------------------------
     0 | D:1      | Inarius the Demonspawn Assassin began the quest for the
                  | Orb.
     0 | D:1      | Reached XP level 1. HP: 16/16 MP: 1/1
   106 | D:1      | Reached skill level 4 in Stealth
   239 | D:1      | Gained mutation: You have sharp fingernails. [demonic
                  | ancestry]
   239 | D:1      | Reached XP level 2. HP: 22/22 MP: 2/2
   707 | D:1      | Reached skill level 1 in Dodging
   830 | D:1      | Reached XP level 3. HP: 20/27 MP: 3/3
  1130 | D:1      | Reached skill level 1 in Unarmed Combat
  2380 | D:2      | Reached XP level 4. HP: 6/33 MP: 4/4
  4509 | D:2      | Gained mutation: You have very sharp fingernails. [demonic
                  | ancestry]
  4509 | D:2      | Reached XP level 5. HP: 39/39 MP: 5/5
  4887 | D:3      | Killed from afar by an orc wizard

Levels and vault maps discovered:
D:1:      lightli_arrival_statuegarden, layout_basic
D:2:      wad_lake_hut, layout_loops_ring
D:3:      layout_loops_corners, first_ration, small_statue_intersection,
          nrook_campfire, kennysheep_generic_room_7, uniq_jessica

Skill      XL: |  1  2  3 |
---------------+----------+-----
Stealth        | 4 |  4.5
Dodging        | 1 |  1.4
Unarmed Combat | 2 |  2.9
Throwing       | 2 |  2.0
Fighting       | |  2.3
Short Blades   | |  1.7

Action                   |  1- 3 |  4- 6 || total
-------------------------+-------+-------++-------
Melee: Dagger            |    12 |       ||    12
       Unarmed           |   127 |   147 ||   274
       Punch             |     1 |     2 ||     3
 Fire: Blowgun           |       |     3 ||     3
  Use: Scroll            |     2 |     8 ||    10
       Potion            |       |     1 ||     1
 Stab: Sleeping          |     6 |     2 ||     8
  Eat: Chunk             |     4 |     9 ||    13
Armor: Robe              |    25 |    26 ||    51
Dodge: Dodged            |    69 |   102 ||   171

Table legend:
 A = Non-vault XP
 B = Vault XP
 C = Vault XP percentage of total XP
 D = Non-vault monster count
 E = Vault monster count
 F = Vault count percentage of total count
                 A         B        C        D         E       F
            +---------+---------+-------+---------+---------+-------
      Total |     201 |       0 |   0.0 |      68 |       0 |   0.0
            +---------+---------+-------+---------+---------+-------
        D:1 |      89 |       0 |   0.0 |      34 |       0 |   0.0
        D:2 |     110 |       0 |   0.0 |      33 |       0 |   0.0
        D:3 |       2 |       0 |   0.0 |       1 |       0 |   0.0
            +---------+---------+-------+---------+---------+-------
